 Dungeon Crawl Stone Soup version 0.28.0-53-g5a82cb258f (webtiles) character file.

Game seed: 2444383244020890089

1 SanguineChosen the Covered (level 1, 0/14 HPs)
             Began as a Gargoyle Fighter on July 13, 2022.
             Slain by a kobold
             ... wielding a +0 short sword
              (2 damage)
             ... on level 1 of the Dungeon.
             The game lasted 00:00:15 (58 turns).

SanguineChosen the Covered (Gargoyle Fighter)         Turns: 58, Time: 00:00:15

Health: 0/14       AC:  9    Str: 19    XL:     1   Next: 20%
Magic:  1/1        EV:  9    Int:  8    God:
Gold:   0          SH:  4    Dex:  9    Spells: 0/0 levels left

rFire   . . .      SeeInvis .   a - +0 flail
rCold   . . .      Faith    .   c - +0 buckler
rNeg    + . .      Spirit   .   b - +0 scale mail
rPois   ∞          Reflect  .   (no helmet)
rElec   +          Harm     .   (no cloak)
rCorr   .          Rampage  .   (no gloves)
Will    .....                   (no boots)
Stlth   ..........              (no amulet)
HPRegen 0.04/turn               (no ring)
MPRegen 0.07/turn               (no ring)

@: no status effects
A: sickness immunity, AC +2, negative energy resistance 1, electricity
resistance, torment resistance 1, petrification resistance
a: no special abilities


You were on level 1 of the Dungeon.
You visited 1 branch of the dungeon, and saw 1 of its levels.

Inventory:

Hand Weapons
 a - a +0 flail (weapon)
Armour
 b - a +0 scale mail (worn)
 c - a +0 buckler (worn)
Potions
 d - a potion of might
 e - a potion of ambrosia {unknown}


   Skills:
 + Level 3.3 Fighting
 + Level 2.0 Maces & Flails
 + Level 3.3 Armour
 + Level 3.3 Shields


You couldn't memorise any spells.
You didn't know any spells.
Your spell library was empty.

Dungeon Overview and Level Annotations

Branches:
Dungeon (1/15)

Altars:


Innate Abilities, Weirdness & Mutations

You are immune to sickness and miasma.
Your stone body is resilient. (AC +2)
You are immune to poison.
You resist negative energy. (rN+)
You are resistant to electric shocks. (rElec)
You are resistant to unholy torment.
You are immune to petrification.


Message History

You open the door.
A bat comes into view.
Found a blue potion.
A kobold comes into view. It is wielding a +0 short sword.
Found 4 poisoned darts.
The kobold shouts!
There is an open door here.
You miss the bat. The bat barely misses you.
Found a scroll labelled VEMPITR DIECOKH.
The bat hits you but does no damage. The bat barely misses you.
The bat misses you.
You closely miss the bat. The bat hits you but does no damage.
You miss the bat. You block the bat's attack.
You closely miss the kobold. The bat hits you but does no damage.
The bat closely misses you.
The kobold hits you with a +0 short sword.
You closely miss the bat. The bat hits you but does no damage.
The kobold barely misses you.
A goblin comes into view. It is wielding a +0 dagger.
The bat hits you but does no damage. The kobold hits you but does no damage.
You sock the bat!
You kill the bat!
The kobold hits you with a +0 short sword.
You are too injured to fight recklessly!
You are too injured to fight recklessly!
You are too injured to fight recklessly!
You are too injured to fight recklessly!
You are too injured to fight recklessly!
You are too injured to fight recklessly!
You are too injured to fight recklessly!
You barely miss the kobold. The kobold hits you but does no damage.
You hit the kobold.
The kobold is moderately wounded.
The kobold hits you with a +0 short sword.
* * * LOW HITPOINT WARNING * * *
The kobold closely misses you.
You closely miss the kobold.
The kobold is moderately wounded.
The kobold hits you with a +0 short sword.
You die...

....!...#.##..
............
........#.#
........'.#
........#.#
........#.#
.......g#.#
####..#K#.#
.....#@#.#
###.#...#.#
#...##..#.# ##..#
#..#.# #########...#
##.#.# ......§.....#
#.#.# ..≈§≈≈§§....#
#.#.# .≈§§≈§§≈§...##
#...#
.§§§>§≈§.....###...#


You could see a goblin and a kobold.

Vanquished Creatures
  A bat (D:1)
1 creature vanquished.

Notes
Turn   | Place    | Note
-------+----------+-------------------------------------------
     0 | D:1      | SanguineChosen the Gargoyle Fighter began the quest for the
                  | Orb.
     0 | D:1      | Reached XP level 1. HP: 14/14 MP: 1/1
    58 | D:1      | Slain by a kobold

Illustrated notes

Levels and vault maps discovered:
D:1:      lemuel_arrival_lava_pool, layout_basic,
          dreamdust_ecumenical_altar_angels_and_demons, serial_shops,
          nicolae_square_shop

Action                   || total
-------------------------++-------
Melee: Flail             ||     9
Armor: Scale mail        ||     7
Dodge: Dodged            ||     6
Block: Buckler           ||     1
